 Dungeon Crawl Stone Soup version 0.31-a0-431-g88bdf31460 (webtiles) character file.

Game seed: 9471075524786661097

6178 Flugkiller the Nimble (level 10, -10/59 HPs)
             Began as a Deep Elf Shapeshifter on July 31, 2023.
             Was a Believer of Wu Jian.
             Mangled by a hornet (12 damage)
             ... while paralysed by a hornet
             ... on level 9 of the Dungeon.
             The game lasted 00:15:58 (7747 turns).

Flugkiller the Nimble (Deep Elf Shapeshifter)       Turns: 7747, Time: 00:15:58

Health: -10/59     AC:  4    Str: 15    XL:     10   Next: 60%
Magic:  13/18      EV:  2    Int: 18    God:    Wu Jian [**....]
Gold:   275        SH:  0    Dex: 18    Spells: 15/17 levels left

rFire   . . .        m - +6 dagger "Ejaf" {drain, Str+4}
rCold   + . .        (no shield)
rNeg    . . .        r - +0 troll leather armour
rPois   .            (helmet currently unavailable)
rElec   .            (cloak currently unavailable)
rCorr   .            (gloves currently unavailable)
SInv    .            (boots currently unavailable)
Will    ++...        (no amulet)
Stlth   +++          p - ring of protection from cold
HPRegen 1.09/turn    (no ring)
MPRegen 0.16/turn

%: no passive effects
@: paralysed, beast-form, slowed
A: beast (slay +4), clever 1, strong-willed 1, evolution 1
a: Begin Untransformation, Renounce Religion, Wall Jump


You were on level 9 of the Dungeon.
You worshipped Wu Jian.
Wu Jian was pleased with you.
You were a hulking beast.
You visited 2 branches of the dungeon, and saw 10 of its levels.
You also visited: Sewer.

You collected 415 gold pieces.
You spent 140 gold pieces at shops.

Inventory:

Hand Weapons
 j - a +2 dagger of venom
   (You took it off a kobold on level 2 of the Dungeon)
 m - the +6 dagger "Ejaf" (weapon) {drain, Str+4}
   (You found it on level 2 of the Dungeon)

   Str:       It affects your strength (+4).
 o - a +1 long sword of distortion
   (You found it on level 4 of the Dungeon)
Missiles
 A - a curare-tipped dart
Armour
 g - a +0 ring mail
   (You found it on level 1 of the Dungeon)
 l - a +0 pair of boots
   (You found it on level 2 of the Dungeon)
 r - a +0 troll leather armour (worn)
   (You found it on level 9 of the Dungeon)
 y - a +2 robe of cold resistance
   (You took it off Blork the orc on level 6 of the Dungeon)
 E - the +3 hat of Pondering {ponderous, Will+ MP+10 Int+5}
   (You took it off Gastronok on level 8 of the Dungeon)

   Int:       It affects your intelligence (+5).
   MP:        It affects your magic capacity (+10).
   Will:      It increases your willpower.
Jewellery
 p - a ring of protection from cold (left hand)
   (You found it on level 8 of the Dungeon)
Talismans
 c - a beast talisman (active)
 x - a blade talisman
   (You found it on level 6 of the Dungeon)
Wands
 n - a wand of charming (9)
   (You took it off an orc on level 4 of the Dungeon)
 F - a wand of light (1)
   (You took it off an orc on level 4 of the Dungeon)
Scrolls
 b - a scroll of immolation
 f - 3 scrolls of enchant armour
 i - a scroll of fear
 t - a scroll of summoning
 u - a scroll of revelation
 v - 3 scrolls of teleportation {unknown}
 z - a scroll of poison {unknown}
 D - a scroll of torment {unknown}
Potions
 a - 3 potions of mutation
 d - a potion of might
 e - a potion of cancellation
 h - 2 potions of haste
 k - 2 potions of magic
 q - a potion of curing
 s - 2 potions of brilliance
 B - 2 potions of resistance {unknown}
 C - a potion of enlightenment {unknown}


   Skills:
 - Level 5.0 Fighting
 - Level 6.0 Short Blades
 + Level 10.6 Dodging
 - Level 4.0 Stealth
 - Level 2.7 Unarmed Combat
 + Level 4.0 Spellcasting
 + Level 4.0 Hexes
 + Level 3.3 Ice Magic
 - Level 5.0 Evocations
 - Level 7.0 Shapeshifting


You had 15 spell levels left.
You knew the following spells:

 Your Spells              Type           Power      Damage    Failure   Level
a - Ensorcelled Hibernat  Hex/Ice        32%        N/A       6%          2

Your spell library contained the following spells:

 Spells                   Type           Power      Damage    Failure   Level
 Magic Dart               Conj           12%        1d3       19%         1
 Call Imp                 Summ           6%         N/A       26%         2
 Passwall                 Tmut/Erth      2%         N/A       26%         2
 Mephitic Cloud           Conj/Pois/Air  3%         N/A       47%         3
 Swiftness                Air            3%         N/A       47%         3
 Vhi's Electric Charge    Tloc/Air       6%         N/A       47%         3
 Arcjolt                  Conj/Air       1%         1d11      99%         5
 Plasma Beam              Fire/Air       1%         2x1d11    100%        6
 Maxwell's Capacitive Co  Air            1%         ∞         100%        8


Dungeon Overview and Level Annotations

Branches:
Dungeon (9/15) Zot: 26648  Temple (1/1) D:4 Zot: 5977    Lair (0/5) D:8
  Sewer (visited)
    Orc: D:9-12

Altars:
Ashenzari
Cheibriados
Dithmenos
Fedhas
Hepliaklqana
Kikubaaqudgha
Makhleb
Nemelex Xobeh
Okawaru
Qazlal
Ru
Sif Muna
Trog
Uskayaw
Vehumet
Wu Jian
Xom
Yredelemnul
Zin
The Shining One

Shops:
D:8 !

Annotations:
D:6 Edmund
D:8 3 runed translucent doors, night's ghost, novice TrSh
D:9 Erolcha


Innate Abilities, Weirdness & Mutations

You are a hulking beast.
Your limbs bulge with bestial killing power. (Slay +4)
Your mind is acute. (Int +4, Str/Dex -1)
You are strong-willed. (Will+)
You have hidden genetic potential.


Message History

Unknown command.
You feel sick.
You feel sick.
You feel sick.
You are no longer poisoned.
Harold the Weathered comes into view.
He is wielding a +0 glaive.
Harold shouts!
Okay, then.
Unknown command.
Okay, then.
Okay, then.
Harold throws a throwing net.
The throwing net hits you.
You become entangled in the net!
You see here a throwing net.
You struggle against the net.
You struggle against the net.
Harold gestures at you while chanting.
You barely resist. You shred the net and break free!
Harold throws a throwing net.
The throwing net hits you.
You become entangled in the net!
You struggle against the net.
You struggle against the net.
You shred the net and break free!
You lunge at Harold, in a flurry of attacks.
You hit Harold but do no damage. You drain Harold.
Harold is lightly wounded.
You barely miss Harold.
Harold is lightly wounded.
Harold hits you with a +0 glaive.
You hit Harold.
Harold is lightly wounded.
You puncture Harold!
Harold is moderately wounded.
Harold hits you with a +0 glaive!!
You hit Harold.
Harold is moderately wounded.
Harold barely misses you.
You hit Harold. You drain Harold.
Harold is moderately wounded.
You hit Harold but do no damage.
Harold is moderately wounded.
Harold completely misses you.
You hit Harold.
Harold is heavily wounded.
Harold hits you with a +0 glaive!
You hit Harold. You drain Harold.
Harold is heavily wounded.
You hit Harold.
Harold is severely wounded.
Harold barely misses you.
You hit Harold.
Harold is severely wounded.
Harold hits you with a +0 glaive!
You hit Harold. You drain Harold. You punch Harold, but do no damage.
Harold is severely wounded.
Harold closely misses you.
You hit Harold. You drain Harold.
Harold is severely wounded.
You barely miss Harold. You punch Harold.
Harold is severely wounded.
Harold casts a spell at you.
You easily resist.
You puncture Harold!
Harold is almost dead.
Harold hits you with a +0 glaive!
* * * LOW HITPOINT WARNING * * *
You feel much better. Harold closely misses you.
You hit Harold. You drain Harold.
Harold is almost dead.
You barely miss Harold.
Harold is almost dead.
Harold hits you with a +0 glaive!
You puncture Harold!
You kill Harold!
The Council accepts your kill.
Your Spellcasting skill increases to level 4!
Your Hexes skill increases to level 4!
Your Ice Magic skill increases to level 3!
The hornet buzzes angrily.
Casting: Ensorcelled Hibernation (safe; 6% risk of failure)
Confirm with . or Enter, or press ? or * to list all spells.
Aiming: Ensorcelled Hibernation (safe; 6% risk of failure)
Press: ? - help, Shift-Dir - straight line, f - hornet
Aim: a hornet (lightly wounded, chance to affect: 40%)
The hornet resists with some effort.
Casting: Ensorcelled Hibernation (safe; 6% risk of failure)
Confirm with . or Enter, or press ? or * to list all spells.
Aiming: Ensorcelled Hibernation (safe; 6% risk of failure)
Press: ? - help, Shift-Dir - straight line, f/p - hornet
Aim: a hornet (lightly wounded, chance to affect: 40%)
The hornet resists with some effort.
The hornet stings you!
You suddenly lose the ability to move!
The hornet stings you!
* * * LOW HITPOINT WARNING * * *
You feel yourself slow down. The hornet stings you!
* * * LOW HITPOINT WARNING * * *
You feel as though you will be slow longer.
The hornet stings you!
You die...

.#......#.............##.......#.
.##....................##........
..#.##.................#...#...#.
.#....#.................#..##.#..
..#............................#.
.####.##...............##.......#
## ###...............†.........#
#.........y....#....?#.#.##
..........h.........## # #
...................#
.................##
.............#.##
................#
.................
................ ...............


You could see a hornet.

Vanquished Creatures
  Gastronok (D:8)
  Harold (D:9)
  A komodo dragon (D:7)
  2 trolls
  A wyvern (D:9)
  Eustachio (D:6)
  Duvessa (D:7)
  A water moccasin (D:8)
  2 ice beasts
  An orc warrior (D:7)
  Pargi (Sewer)
  A sky beast (D:8)
  A black bear (D:8)
  3 ogres
  3 wolves (D:8)
  2 centaurs (D:8)
  3 phantoms
  A kobold brigand (D:7)
  Blork the orc (D:6)
  2 bullfrogs
  2 scorpions (D:5)
  3 wights
  Dowan (D:7)
  4 killer bees (D:9)
  An electric eel (D:8)
  9 hounds
  2 jellies
  3 orc priests
  5 iguanas
  8 orc wizards
  A killer bee zombie (D:8)
  A howler monkey zombie (D:8)
  14 adders
  2 shadow imps
  3 white imps
  A worm (D:4)
  2 dart slugs
  18 orcs
  5 endoplasms
  10 giant cockroaches (D:2)
  7 hobgoblins
  6 quokkas
  8 ball pythons
  4 bats
  6 frilled lizards
  3 goblins
  16 kobolds
  3 rats
178 creatures vanquished.

Vanquished Creatures (collateral kills)
  2 killer bees (D:9)
2 creatures vanquished.

Grand Total: 180 creatures vanquished

Notes
Turn   | Place    | Note
-------+----------+-------------------------------------------
     0 | D:1      | Flugkiller the Deep Elf Shapeshifter began the quest for
                  | the Orb.
     0 | D:1      | Reached XP level 1. HP: 11/11 MP: 3/3
    81 | D:1      | Reached skill level 1 in Fighting
   246 | D:1      | Reached XP level 2. HP: 14/16 MP: 4/4
  1014 | D:2      | Reached XP level 3. HP: 20/20 MP: 5/5
  1127 | D:2      | Identified the +6 dagger "Ejaf" {drain, Str+4}
  1211 | D:2      | Reached XP level 4. HP: 26/26 MP: 6/6
  2173 | D:4      | Reached skill level 1 in Short Blades
  2173 | D:4      | Reached XP level 5. HP: 29/30 MP: 7/7
  2456 | D:4      | Found a staircase to the Ecumenical Temple.
  2664 | Temple   | Entered the Ecumenical Temple
  2675 | Temple   | Became a worshipper of the Wu Jian Council
  2818 | D:5      | Entered Level 5 of the Dungeon
  2840 | D:5      | Reached skill level 5 in Shapeshifting
  2846 | D:5      | Reached XP level 6. HP: 36/36 MP: 8/8
  2923 | D:5      | You fall into a shaft and drop 3 floors!
  2939 | D:8      | Noticed an orc warrior
  2954 | D:7      | Killed an orc warrior
  3045 | D:7      | Reached skill level 1 in Evocations
  3055 | D:7      | Reached skill level 3 in Dodging
  3055 | D:7      | Reached XP level 7. HP: 27/41 MP: 9/9
  3215 | D:7      | Reached skill level 4 in Dodging
  3272 | D:6      | Noticed Blork the orc
  3333 | D:5      | Found a glowing drain.
  3336 | D:5      | Reached * piety under Wu Jian
  3345 | Sewer    | Entered a sewer
  3370 | Sewer    | Noticed Pargi
  3380 | Sewer    | Killed Pargi
  3381 | Sewer    | Reached skill level 5 in Evocations
  3600 | D:5      | Reached XP level 8. HP: 35/46 MP: 10/10
  3778 | D:5      | Reached skill level 5 in Dodging
  3849 | D:5      | Reached skill level 6 in Dodging
  4073 | D:5      | Found a broken altar of Ashenzari.
  4228 | D:6      | Reached skill level 7 in Dodging
  4270 | D:6      | Noticed Edmund
  4497 | D:6      | Killed Blork the orc
  4656 | D:6      | Noticed Eustachio
  4676 | D:6      | Killed Eustachio
  4677 | D:6      | Reached skill level 5 in Short Blades
  4982 | D:7      | Reached XP level 9. HP: 52/52 MP: 11/11
  5048 | D:7      | Noticed Dowan
  5049 | D:7      | Noticed Duvessa
  5055 | D:7      | Killed Duvessa
  5062 | D:7      | Killed Dowan
  5196 | D:7      | Noticed a komodo dragon
  5210 | D:7      | Gained mutation: You are strong-willed. (Will+) [potion of
                  | mutation]
  5210 | D:7      | Gained mutation: You have hidden genetic potential. [potion
                  | of mutation]
  5229 | D:7      | Killed a komodo dragon
  5509 | D:7      | Found a sacrificial altar of Ru.
  5553 | D:7      | Found a glowing golden altar of the Shining One.
  5558 | D:7      | Found an iron altar of Okawaru.
  5559 | D:7      | Found a hazy altar of Hepliaklqana.
  5559 | D:7      | Found a shadowy altar of Dithmenos.
  5561 | D:7      | Found a bloodstained altar of Trog.
  5563 | D:7      | Found a burning altar of Makhleb.
  5564 | D:7      | Found an ancient bone altar of Kikubaaqudgha.
  5877 | D:8      | Reached skill level 5 in Fighting
  5961 | D:8      | Noticed a troll
  5986 | D:8      | Killed a troll
  6301 | D:8      | Reached ** piety under Wu Jian
  6357 | D:8      | Noticed Gastronok
  6559 | D:8      | Killed Gastronok
  6560 | D:8      | Reached skill level 9 in Dodging
  6560 | D:8      | Reached XP level 10. HP: 5/59 MP: 12/12
  6579 | D:8      | Gained mutation: Your mind is acute. (Int +4, Str/Dex -1)
                  | [hidden potential]
  6749 | D:8      | Learned a level 2 spell: Ensorcelled Hibernation
  6778 | D:8      | Found a staircase to the Lair.
  6896 | D:8      | Reached skill level 1 in Spellcasting
  6896 | D:8      | Reached skill level 1 in Hexes
  6903 | D:8      | Reached skill level 1 in Ice Magic
  6918 | D:8      | Reached skill level 10 in Dodging
  7095 | D:8      | Found Ogheil's Distillery.
  7103 | D:8      | Bought a potion of haste for 140 gold pieces
  7118 | D:8      | Found a runed translucent gate.
  7118 | D:8      | Found a runed translucent gate.
  7118 | D:8      | Found a runed translucent gate.
  7118 | D:8      | Noticed night's ghost (novice TrSh)
  7120 | D:8      | Found a basalt altar of Yredelemnul.
  7644 | D:9      | Noticed Erolcha
  7706 | D:9      | Noticed Harold
  7735 | D:9      | Killed Harold
  7745 | D:9      | Paralysed by a hornet for 3 turns
  7747 | D:9      | HP: 2/59 [hornet (11)]
  7747 | D:9      | Mangled by a hornet

Illustrated notes

Levels and vault maps discovered:
D:1:      minmay_arrival_stair_chambers, layout_loops_ring, hex_medium
D:2:      minmay_roachtagon, layout_basic, serial_bayou_pond_b
D:3:      layout_rooms
D:4:      layout_loops_ring, minmay_temple_entry_poolview
D:5:      layout_rooms, cheibrodos_ashenzari_chains, portal_sewer_entry_d
D:6:      layout_cave_pools, uniq_eustachio, uniq_edmund, uniq_blork_the_orc
D:7:      layout_loops_ring, minitemple, minmay_misc_feat_cross, uniq_duvessa
D:8:      layout_gridville, nicolae_yredelemnul_ghost_church, erik_lair_island,
          serial_shops, nicolae_shop_statue_plus, uniq_gastronok
D:9:      layout_cross, lemuel_doored_altar, uniq_harold, uniq_erolcha
Temple:   eino_wide_crystal_templ

Skill      XL: |  1  2  3  4  5  6  7  8  9 10 |
---------------+-------------------------------+-----
Fighting       | 1 2 3 4 5 |  5.0
Shapeshifting  | 4 5 7 |  7.0
Short Blades   | 1 2 4 5 6 |  6.0
Evocations     | 1 5 |  5.0
Dodging        | 3 4 7 9 10 | 10.6
Stealth        | 4 |  4.0
Spellcasting   | 4 |  4.0
Hexes          | 4 |  4.0
Ice Magic      | 3 |  3.3
Unarmed Combat | |  2.7

Action                     |  1- 3 |  4- 6 |  7- 9 | 10-12 || total
---------------------------+-------+-------+-------+-------++-------
  Melee: Unarmed           |    67 |       |       |       ||    67
         Punch             |     2 |     4 |     5 |     5 ||    16
         Dagger            |    59 |   104 |   269 |    98 ||   530
   Cast: Ensorcelled Hiber |       |       |       |     2 ||     2
Ability: Lunge             |       |     2 |    13 |     2 ||    17
         Whirlwind         |       |       |     2 |     1 ||     3
  Evoke: Wand              |       |     1 |     2 |     1 ||     4
    Use: Potion            |       |     4 |     5 |     1 ||    10
         Scroll            |       |     2 |     2 |     2 ||     6
   Stab: Distracted        |       |       |     2 |       ||     2
         Invisible         |       |       |     2 |       ||     2
         Sleeping          |       |       |       |     1 ||     1
 Armour: Scale mail        |     8 |       |       |       ||     8
         Ring mail         |    26 |    24 |    26 |       ||    76
         Skin              |       |     6 |       |       ||     6
         Robe              |       |       |    17 |     3 ||    20
         Troll leather arm |       |       |       |     3 ||     3
  Dodge: Dodged            |    61 |    47 |   154 |    73 ||   335

Table legend: (Time is in decaauts)
 A = Elapsed time spent in this place.
 B = Non-inter-level travel time spent in this place.
 C = Inter-level travel time spent in this place.
 D = Time resting spent in this place.
 E = Time spent auto-exploring this place.
 F = Levels seen in this place.
 G = Mean time per level.
                   A        B        C        D        E       F      G
               +--------+--------+--------+--------+--------+-----+--------+
         Total |   7697 |   7226 |    471 |   1230 |   3753 |  11 |  699.7 |
       Dungeon |   7436 |   6986 |    450 |   1208 |   3679 |   9 |  826.2 |
        Temple |     22 |      2 |     20 |      0 |      0 |   1 |   22.0 |
         Sewer |    237 |    237 |      0 |     22 |     74 |   1 |  237.0 |
               +--------+--------+--------+--------+--------+-----+--------+

Top non-repeatable levels by time:
     D:8: 1590 daAuts
     D:7: 1122 daAuts
     D:5: 947 daAuts
     D:4: 850 daAuts
     D:1: 783 daAuts
     D:2: 742 daAuts
     D:6: 640 daAuts
     D:3: 409 daAuts
     D:9: 350 daAuts
   Sewer: 237 daAuts
  Temple: 22 daAuts
